 Seeded DCSS version 0.28.0-45-g0d030f2227 (webtiles) character file.

Game seed: 1325425311307455508 (custom seed)

39 croobank the Covered (level 3, -4/33 HPs)
             Began as a Minotaur Fighter on Apr 17, 2022.
             Killed from afar by Natasha (6 damage)
             ... with a magic dart
             ... on level 2 of the Dungeon.
             The game lasted 00:02:31 (1328 turns).

croobank the Covered (Minotaur Fighter)             Turns: 1328, Time: 00:02:33

Health: -4/33      AC:  7    Str: 22    XL:     3   Next: 26%
Magic:  2/2        EV:  9    Int:  5    God:
Gold:   74         SH:  4    Dex:  9    Spells: 2/2 levels left

rFire   . . .      SeeInvis .   a - +0 flail
rCold   . . .      Faith    .   c - +0 buckler
rNeg    . . .      Spirit   .   b - +0 scale mail
rPois   .          Reflect  .   (helmet restricted)
rElec   .          Harm     .   (no cloak)
rCorr   .          Rampage  .   (no gloves)
Will    .....                   (no boots)
Stlth   ..........              (no amulet)
HPRegen 0.11/turn               (no ring)
MPRegen 0.08/turn               (no ring)

@: mighty
A: horns 2, retaliatory headbutt
a: no special abilities


You were on level 2 of the Dungeon.
You visited 1 branch of the dungeon, and saw 2 of its levels.

You collected 74 gold pieces.

Inventory:

Hand Weapons
 a - a +0 flail (weapon)
Missiles
 g - 5 poisoned darts (quivered)
 j - 31 sling bullets
 k - 15 arrows
Armour
 b - a +0 scale mail (worn)
 c - a +0 buckler (worn)
 f - a +1 hat
Scrolls
 e - a scroll of brand weapon {unknown}
 l - a scroll of immolation {unknown}
Potions
 i - 2 potions of degeneration {unknown}


   Skills:
 + Level 4.1 Fighting
 * Level 3.0 Maces & Flails
 + Level 4.1 Armour
 + Level 4.1 Shields


You had 2 spell levels left.
You didn't know any spells.
Your spell library was empty.

Dungeon Overview and Level Annotations

Branches:
Dungeon (2/15)

Altars:

Annotations:
D:2 Natasha


Innate Abilities, Weirdness & Mutations

You have a pair of horns on your head.
You reflexively headbutt those who attack you in melee.


Message History

The crimson imp hits you but does no damage.
Unknown command.
You hit the crimson imp. Your headbutt misses the crimson imp.
The crimson imp is heavily wounded.
The crimson imp closely misses you.
You hit the crimson imp but do no damage.
The crimson imp is heavily wounded.
The crimson imp completely misses you.
You barely miss the crimson imp.
The crimson imp is moderately wounded.
The crimson imp hits you. The crimson imp spits at you.
The crimson imp closely misses you.
Unknown command.
You barely miss the crimson imp. Your headbutt misses the crimson imp.
The crimson imp is moderately wounded.
The crimson imp disappears in a puff of smoke!
Natasha claws you.
You closely miss Natasha. Natasha claws you!
You barely miss Natasha.
Natasha mumbles some strange words.
You barely miss Natasha.
Natasha casts a spell.
The white imp barely misses you.
Natasha mumbles some strange words.
You feel disoriented. Natasha barely misses you.
You hit Natasha but do no damage. Your headbutt misses Natasha.
The white imp gestures at you. The puff of frost misses you.
The puff of frost hits Natasha.
Natasha claws you!
* * * LOW HITPOINT WARNING * * *
Unknown command.
You feel very mighty all of a sudden. The white imp gestures at you.
The puff of frost hits you.
* * * LOW HITPOINT WARNING * * *
Natasha casts a spell at you. The magic dart hits you.
You die...

*,*******,,,,,,* *,,,,,,,,,****,*
*,********* *,*### ***+*********
*,,..# ### *,,,,,,,,,,,* ***#.#
#.. *,,,,,,,,,,,* #.# #..
*,.,,,,,,,,,* #.# #..
********,....###+###### #.# #..
,,,,,,,,,....bKh@5.<..## #.####..
,,,,,****############..###....'..
,***,********,............#####..
,*,,,,,,**,,,,.#######..#.# #.†..
,,,*,,,,,*,,,,,* ##.#.###.###
****,,,,,*,,,,,* #...#......
,,,,,,,,,*,,,,,* ######......###
*****,,,,*,,,,,* #....#.†#.###
*****,,,,*,,,,,* #.......#.#


You could see Natasha, a white imp (summoned), a bat and a kobold.

Vanquished Creatures
  An adder (D:2)
  4 bats
  4 endoplasms
  A giant cockroach (D:1)
  3 hobgoblins (D:1)
  2 quokkas (D:1)
  2 ball pythons
  2 frilled lizards (D:2)
  A goblin (D:1)
  3 kobolds (D:1)
  5 rats
28 creatures vanquished.

Vanquished Creatures (others)
  A plant (D:1)
1 creature vanquished.

Grand Total: 29 creatures vanquished

Notes
Turn   | Place    | Note
-------+----------+-------------------------------------------
     0 | D:1      | croobank the Minotaur Fighter began the quest for the Orb.
     0 | D:1      | Reached XP level 1. HP: 19/19 MP: 0/0
   178 | D:1      | Reached XP level 2. HP: 27/27 MP: 1/1
   564 | D:1      | Found a faded altar of an unknown god.
  1287 | D:2      | Reached XP level 3. HP: 33/33 MP: 2/2
  1312 | D:2      | Noticed Natasha
  1328 | D:2      | Killed from afar by Natasha

Illustrated notes

Levels and vault maps discovered:
D:1:      heliophobic_arrival_ceremonial_halls, layout_basic,
          shapermc_ecumenical_altar_flowoftime, minmay_shallow_snake_nest
D:2:      minmay_wonky_spiral, layout_basic, uniq_natasha,
          uniq_crazy_yiuf_cottage, uniq_sigmund

Skill      XL: |  1  2 |
---------------+-------+-----
Armour         | 4 |  4.1
Shields        | 4 |  4.1
Fighting       | 4 |  4.1
Maces & Flails | 3 |  3.0

Action                   || total
-------------------------++-------
Melee: Flail             ||    63
       Headbutt          ||     9
  Use: Scroll            ||     3
       Potion            ||     1
Armor: Scale mail        ||    14
Dodge: Dodged            ||    35
Block: Buckler           ||     8
